 Dungeon Crawl Stone Soup version 0.28.0-53-g5a82cb258f (webtiles) character file.

Game seed: 8135813516230244098

319 JNO the Poker (level 6, 0/56 HPs)
             Began as a Minotaur Berserker on Aug 13, 2022.
             Was a Believer of Trog.
             Splashed by a jelly's acid (10 damage)
             ... on level 5 of the Dungeon.
             The game lasted 00:10:27 (2736 turns).

JNO the Poker (Minotaur Berserker)                  Turns: 2736, Time: 00:10:28

Health: 0/56       AC: -13   Str: 23    XL:     6   Next: 21%
Magic:  5/5        EV: 12    Int:  4    God:    Trog [**....]
Gold:   34         SH:  0    Dex: 10    Spells: 5/5 levels left

rFire   . . .      SeeInvis .   a - +0 spear
rCold   . . .      Faith    .   (no shield)
rNeg    . . .      Spirit   .   b - +0 animal skin
rPois   .          Reflect  .   (helmet restricted)
rElec   .          Harm     .   h - scarf {repulsion}
rCorr   .          Rampage  .   (no gloves)
Will    ++...                   (no boots)
Stlth   +.........              (no amulet)
HPRegen 1.18/turn               (no ring)
MPRegen 0.09/turn               (no ring)

@: strong-willed, corroded, regenerating, studying Poison Magic, repel missiles
A: horns 2, retaliatory headbutt
a: Renounce Religion, Berserk, Trog's Hand


You were on level 5 of the Dungeon.
You worshipped Trog.
Trog was pleased with you.
You visited 1 branch of the dungeon, and saw 4 of its levels.

You collected 34 gold pieces.

Inventory:

Hand Weapons
 a - a +0 spear (weapon)
 i - a +1 spear of distortion
 j - a +4 quarterstaff of chaos
Missiles
 e - 24 sling bullets
 g - 29 stones (quivered)
Armour
 b - a +0 animal skin (worn)
 h - a scarf of repulsion (worn)
 k - a +0 cloak
Wands
 c - a wand of flame (26)
Scrolls
 d - a scroll of identify
 m - a scroll of immolation
Potions
 f - a potion of flight
 l - 2 potions of degeneration


   Skills:
 + Level 5.4 Fighting
 + Level 6.1 Polearms
 + Level 2.8 Armour
 + Level 3.6 Dodging
 + Level 1.1 Stealth


You had 5 spell levels left.
You didn't know any spells.
Your spell library contained the following spells:

 Spells                   Type           Power      Damage    Failure   Level
 Chain Lightning          Conj/Air       0%         N/A       100%        9
 Fire Storm               Conj/Fire      0%         5d1       100%        9
 Shatter                  Erth           0%         3d5*      100%        9


Dungeon Overview and Level Annotations

Branches:
Dungeon (3/15)

Altars:
Hepliaklqana
Yredelemnul


Innate Abilities, Weirdness & Mutations

You have a pair of horns on your head.
You reflexively headbutt those who attack you in melee.


Message History

m - a scroll labelled VOYHUO NOUZUIRYFI
Found a cloak.
You start resting.
HP restored.
As you read the scroll of identify, it crumbles to dust.
m - a scroll of immolation You open the door.
There is an open door here.
Found 2 large rocks.
A jelly comes into view.
The jelly quivers.
Found 18 sling bullets.
You reach to attack!
You hit the jelly.
The jelly is lightly wounded.
You barely miss the jelly.
The jelly is lightly wounded.
The jelly hits you. The acid corrodes you!
You are splashed with acid!
You hit the jelly.
Your hands burn!
The jelly is moderately wounded.
You hit the jelly but do no damage. The acid corrodes you!
Your hands burn!
The jelly is moderately wounded.
The jelly hits you.
You are splashed with acid!
You hit the jelly.
Your hands burn!
You headbutt the jelly, but do no damage.
The jelly is heavily wounded.
The jelly hits you. The acid corrodes you!
You are splashed with acid!
You are too injured to fight recklessly!
Your skin crawls.
You feel strong-willed. The jelly hits you. The acid corrodes you!
You are splashed with acid!
* * * LOW HITPOINT WARNING * * *
You are too injured to fight recklessly!
You are too injured to fight recklessly!
You hit the jelly but do no damage.
Your hands burn!
* * * LOW HITPOINT WARNING * * *
The jelly is heavily wounded.
The jelly hits you.
* * * LOW HITPOINT WARNING * * *
You are splashed with acid!
You die...

#..................#
#..................#
###..................(
..............(.......
.###...................
...........#######.....
.....#'##.# ..... ...
#.##J#######..... .
#..#.@....... .#
##.########## #...#####
#.......# #.......#
#.......#
######.......#
###....#.......#
##..............#


You could see a jelly.

Vanquished Creatures
  Sigmund (D:3)
  A howler monkey (D:2)
  Crazy Yiuf (D:2)
  A killer bee zombie (D:5)
  3 adders (D:2)
  A worm (D:3)
  A dart slug (D:1)
  An orc (D:3)
  3 endoplasms (D:1)
  2 giant cockroaches (D:3)
  4 goblins
  2 hobgoblins
  4 quokkas (D:1)
  4 ball pythons
  7 bats
  5 frilled lizards
  5 kobolds
  A rat (D:2)
  A spectral orc (D:3)
48 creatures vanquished.

Notes
Turn   | Place    | Note
-------+----------+-------------------------------------------
     0 | D:1      | JNO the Minotaur Berserker began the quest for the Orb.
     0 | D:1      | Reached XP level 1. HP: 19/19 MP: 0/0
   146 | D:1      | Reached XP level 2. HP: 27/27 MP: 1/1
   183 | D:1      | Reached skill level 4 in Polearms
   848 | D:2      | Reached XP level 3. HP: 26/33 MP: 2/2
  1458 | D:2      | Reached XP level 4. HP: 41/41 MP: 3/3
  1469 | D:2      | Reached ** piety under Trog
  2083 | D:2      | Found a runed translucent door.
  2084 | D:2      | Noticed Crazy Yiuf
  2092 | D:2      | Killed Crazy Yiuf
  2093 | D:2      | Reached skill level 5 in Polearms
  2374 | D:3      | Found a basalt altar of Yredelemnul.
  2441 | D:3      | Noticed Sigmund
  2447 | D:3      | Killed Sigmund
  2448 | D:3      | Reached skill level 5 in Fighting
  2448 | D:3      | Reached skill level 6 in Polearms
  2448 | D:3      | Reached skill level 1 in Stealth
  2448 | D:3      | Reached XP level 5. HP: 48/48 MP: 4/4
  2448 | D:3      | Reached XP level 6. HP: 56/56 MP: 5/5
  2529 | D:3      | Found a hazy altar of Hepliaklqana.
  2588 | D:3      | You fall into a shaft and drop 2 floors!
  2588 | D:5      | Entered Level 5 of the Dungeon
  2736 | D:5      | Splashed by a jelly's acid

Illustrated notes

Levels and vault maps discovered:
D:1:      nzn_arrival_water_spiral, layout_loops_ring, serial_glass,
          glass_columns_b, glass_columns_c, minmay_tromino_v4_c
D:2:      layout_loops_ring, uniq_crazy_yiuf_cottage
D:3:      layout_rooms, mainiacjoe_overflow_tiny_flanked,
          yredelemnul_forgotten_temple_becter, old_standard_altar, uniq_sigmund
D:5:      layout_basic, minmay_manual_mail

Skill      XL: |  1  2  3  4 |
---------------+-------------+-----
Polearms       | 4 6 |  6.1
Fighting       | 4 5 |  5.4
Dodging        | 3 |  3.6
Stealth        | 1 |  1.1
Armour         | |  2.8

Action                   |  1- 3 |  4- 6 || total
-------------------------+-------+-------++-------
Melee: Spear             |    83 |    53 ||   136
       Headbutt          |     5 |     9 ||    14
       Punch             |     1 |       ||     1
Invok: Berserk           |     1 |     2 ||     3
       Trog's Hand       |       |     1 ||     1
  Use: Scroll            |     2 |     3 ||     5
       Potion            |     1 |     2 ||     3
Armor: Animal skin       |     8 |     3 ||    11
Dodge: Dodged            |    29 |    18 ||    47
